 Dungeon Crawl Stone Soup version 0.27.1-33-g824d729ab1 (webtiles) character file.

Game seed: 10017798935787919556

89 safid the Shield-Bearer (level 4, 0/40 HPs)
             Began as a Hill Orc Fighter on Dec 21, 2021.
             Slain by a scorpion (2 damage)
             ... on level 2 of the Dungeon.
             The game lasted 00:03:51 (2149 turns).

safid the Shield-Bearer (Hill Orc Fighter)          Turns: 2149, Time: 00:03:52

Health: 0/40       AC:  7    Str: 25    XL:     4   Next: 55%
Magic:  4/4        EV:  7    Int:  8    God:
Gold:   78         SH: 10    Dex: 10    Spells: 3/3 levels left

rFire    . . .     SeeInvis .   a - +0 war axe
rCold    . . .     Faith    .   c - +0 kite shield
rNeg     . . .     Spirit   .   b - +0 scale mail
rPois    .         Reflect  .   (no helmet)
rElec    .         Harm     .   (no cloak)
rCorr    .         Rampage  .   (no gloves)
Will     .....                  (no boots)
Stlth    ..........             (no amulet)
HPRegen  0.13/turn              j - +6 ring of strength
MPRegen  0.09/turn              (no ring)

@: no status effects
A: no striking features
a: no special abilities


You were on level 2 of the Dungeon.
You visited 1 branch of the dungeon, and saw 3 of its levels.

You collected 78 gold pieces.

Inventory:

Hand Weapons
 a - a +0 war axe (weapon)
Missiles
 e - 2 throwing nets (quivered)
 f - 18 poisoned darts
Armour
 b - a +0 scale mail (worn)
 c - a +0 kite shield (worn)
Jewellery
 j - a +6 ring of strength (left hand)
Scrolls
 g - 3 scrolls of fear {unknown}
 h - a scroll of fog {unknown}
 i - a scroll of identify {unknown}
Potions
 d - a potion of might


   Skills:
 - Level 4.0 Fighting
 + Level 4.2 Axes
 - Level 4.0 Armour
 + Level 4.2 Shields


You had 3 spell levels left.
You didn't know any spells.
Your spell library contained the following spells:

 Spells                   Type           Power      Damage    Failure   Level
 Corona                   Hex            0%         N/A       99%         1
 Ensorcelled Hibernation  Hex/Ice        0%         N/A       99%         2
 Tukima's Dance           Hex            0%         N/A       100%        3


Dungeon Overview and Level Annotations

Branches:
Dungeon (3/15)

Altars:


Message History

The scorpion is heavily wounded.
You feel very sick. The scorpion stings you.
* * * LOW HITPOINT WARNING * * *
You block the scorpion's attack.
Unknown command.
You feel sick. You block the scorpion's attack.
You feel sick.
You feel sick.
You feel sick.
You feel sick.
You see here a giant cockroach corpse.
You feel sick. The scorpion stings you.
* * * LOW HITPOINT WARNING * * *
It was a potion of curing.
You feel better.
The scorpion stings you but does no damage.
There is a stone staircase leading up here.
The scorpion stings you but does no damage.
You climb upwards.
There is a stone staircase leading down here.
You hit the scorpion.
The scorpion is heavily wounded.
The scorpion barely misses you. You block the scorpion's attack.
Unknown command.
You hit the scorpion but do no damage.
The scorpion is heavily wounded.
The scorpion stings you.
* * * LOW HITPOINT WARNING * * *
The scorpion barely misses you.
Unknown command.
You hit the scorpion but do no damage.
The scorpion is heavily wounded.
The scorpion stings you!
* * * LOW HITPOINT WARNING * * *
You block the scorpion's attack.
Unknown command.
You closely miss the scorpion.
The scorpion is heavily wounded.
The scorpion stings you.
You die...

## .## ..# ..# ..#
..################
................@#
#.##.#######.###s#
#.##..# ###.###>#
#.###.# #.......#
#.# #.## #.#.#####
#.# #..# #.#.# #.#
##.###.#.# #.#
#..##.#.# #.#
##.##.#.#


You could see a scorpion.

Vanquished Creatures
  Robin (D:2)
  A worm (D:2)
  5 dart slugs
  An orc (D:3)
  3 ball pythons
  4 endoplasms
  2 giant cockroaches
  11 goblins
  8 hobgoblins
  3 jackals (D:3)
  2 quokkas (D:1)
  A bat (D:1)
  3 frilled lizards
  7 kobolds
  4 rats
56 creatures vanquished.

Notes
Turn   | Place    | Note
-------+----------+-------------------------------------------
     0 | D:1      | safid the Hill Orc Fighter began the quest for the Orb.
     0 | D:1      | Reached XP level 1. HP: 19/19 MP: 1/1
   171 | D:1      | You fall into a shaft and drop 1 floor!
   184 | D:2      | Reached XP level 2. HP: 27/27 MP: 2/2
   586 | D:1      | Reached XP level 3. HP: 33/33 MP: 3/3
   823 | D:1      | Found a faded altar of an unknown god.
  1432 | D:2      | Noticed Robin
  1715 | D:2      | Reached XP level 4. HP: 40/40 MP: 4/4
  1957 | D:2      | Killed Robin
  2127 | D:3      | Noticed a scorpion
  2141 | D:3      | HP: 1/40 [scorpion (2)]
  2148 | D:2      | HP: 1/40 [scorpion (7)]
  2149 | D:2      | Slain by a scorpion

Illustrated notes

Levels and vault maps discovered:
D:1:      amcnicky_arrival_choice, layout_basic,
          hellmonk_ecumenical_altar_leap_of_faith
D:2:      layout_basic, minmay_hedge_maze, uniq_robin
D:3:      layout_rooms, serial_aquarium, aquarium_bridge_square
          [aquarium_subvault_wall, aquarium_subvault_bridge,
          aquarium_subvault_bridge, aquarium_subvault_wall],
          aquarium_bridge_straight [aquarium_subvault_bridge,
          aquarium_subvault_wall, aquarium_subvault_bridge,
          aquarium_subvault_window], aquarium_window_1, aquarium_window_fake,
          aquarium_window_1, aquarium_view_2g, aquarium_view_2c

Skill      XL: |  1  2  3  4 |
---------------+-------------+-----
Axes           | 3 4 |  4.2
Fighting       | 4 |  4.0
Armour         | 4 |  4.0
Shields        | 4 |  4.2

Action                   |  1- 3 |  4- 6 || total
-------------------------+-------+-------++-------
Melee: War axe           |    91 |    40 ||   131
  Use: Potion            |       |     1 ||     1
Armor: Scale mail        |    41 |    17 ||    58
Dodge: Dodged            |    26 |    16 ||    42
Block: Kite shield       |    57 |    26 ||    83
